Cogmind - Beta 9.6 @@@ ROGUE MODE // 2020.05.01 @ 03:51:39 Player: Baran Korkmaz Result: Destroyed self with Improved Grenade Launcher Performance ------------- Evolutions (1) 500 Regions Visited (3) 600 Robots Destroyed (28) 140 Value Destroyed (692) 692 Prototype IDs (1) 20 Alien Tech Used (0) 0 Bonus (0) 0 TOTAL SCORE: 1952 Bonus ------- None Cogmind --------- Core Integrity 0/400 Matter 110/300 Energy 254/265 System Corruption 0% Temperature Cool (6) Movement Walking (150) Ox1 Location -9/Materials Parts ------- > --- POWER (1) -------- Improved Ion Engine > --- PROPULSION (2) --- Aluminum Leg > --- UTILITY (4) ------ Small Storage Unit Advanced Sensor Array Signal Interpreter > --- WEAPON (2) ------- Improved Grenade Launcher > --- INVENTORY (6) ---- Heat Sink Small Storage Unit Hardened Medium Armor Plating Light Assault Rifle Datajack Peak State ------------ > --- POWER ------------ Cooled Ion Engine > --- PROPULSION ------- (None) > --- UTILITY ---------- Small Storage Unit Advanced Sensor Array Signal Interpreter Improved Signal Interpreter > --- WEAPON ----------- Shotgun Improved Grenade Launcher > --- INVENTORY -------- Heat Sink Small Storage Unit Hardened Medium Armor Plating Light Assault Rifle EMP Blaster Datajack [Rating: 15] Favorites ----------- Power Improved Ion Engine Engine Improved Ion Engine Propulsion Wheel Leg Aluminum Leg Wheel Wheel Flight Unit Flight Unit Utility Small Storage Unit Device Advanced Sensor Array Storage Small Storage Unit Processor Improved Signal Interpreter Weapon Improved Grenade Launcher Energy Gun Heavy EM Pulse Gun Ballistic Gun Light Assault Rifle Launcher Improved Grenade Launcher Special Weapon Mining Laser Build | -11 -10 -10 -9 ------- Run | Scr Mat Min Mat Slots Evolved 2 | . . . 2 Power . | . . . . Propulsion . | . . . . Utility 2 | . . . 2 Weapon . | . . . . Parts Attached 35 | 7 2 . 26 Power 7 | 1 . . 6 Engine 7 | 1 . . 6 Core . | . . . . Reactor . | . . . . Propulsion 9 | 2 1 . 6 Treads . | . . . . Leg 1 | . . . 1 Wheel 4 | 2 1 . 1 Hover . | . . . . Flight 4 | . . . 4 Utility 4 | 1 . . 3 Device 1 | . . . 1 Storage 1 | 1 . . . Processor 2 | . . . 2 Hackware . | . . . . Protection . | . . . . Artifact . | . . . . Weapon 15 | 3 1 . 11 Energy Gun 2 | . . . 2 Energy Cannon . | . . . . Ballistic Gun 8 | 3 1 . 4 Ballistic Cannon . | . . . . Launcher 3 | . . . 3 Special Weapon 2 | . . . 2 Impact Weapon . | . . . . Slashing Weapon . | . . . . Piercing Weapon . | . . . . Special Melee Weapon . | . . . . Unidentified Prototypes 1 | . . . 1 Parts Lost 16 | . 4 . 12 Power 4 | . 1 . 3 Propulsion 4 | . 1 . 3 Utility 1 | . . . 1 Weapon 7 | . 2 . 5 Highest Loss Streak 5 | . 4 . 5 Average Slot Usage (%) 58 | . 49 42 61 Engine 7 | . 4 . 8 Wheel 4 | . 11 14 2 Device 3 | . . . 5 Storage 11 | . 14 14 11 Processor 10 | . . . 13 Ballistic Gun 11 | . 18 14 9 Launcher 5 | . . . 7 Naked Turns . | . . . . Heaviest Build 22 | 9 9 6 22 Greatest Support 16 | 10 10 10 16 Greatest Overweight (x) 7 | . 1 . 7 Average Overweight (x) 1 | . . . 3 Largest Inventory Capacity 6 | 6 6 6 6 Average Capacity 5 | 4 6 6 6 Most Carried 6 | 3 4 4 6 Average Carried 4 | 1 2 4 5 Final Capacity 6 | 6 6 6 6 Final Carried 5 | 2 4 4 5 Class Distribution -------------------- 100% | Mutant Dominant Class ---------------- Mutant | -10/Materials Mutant | -10/Mines Mutant | -9/Materials Resources | -11 -10 -10 -9 ----------- Run | Scr Mat Min Mat Matter Collected 629 | 260 75 . 294 Remotely . | . . . . Salvage Created 768 | . 119 . 649 Parts 59 | . 9 . 50 Haulers Intercepted . | . . . . Recyclers Shooed . | . . . . Parts Field Recycled . | . . . . Retrieved Matter . | . . . . Parts Self-Destructed . | . . . . Prevented . | . . . . Kills | -11 -10 -10 -9 ------- Run | Scr Mat Min Mat Combat Hostiles Destroyed 27 | . 5 . 22 Guns 19 | . 5 . 14 Cannons 1 | . . . 1 AOE 7 | . . . 7 Classes Destroyed 4 | . 2 . 2 Watcher 1 | . . . 1 Swarmer 12 | . 3 . 9 Grunt 12 | . 2 . 10 Sentry 3 | . . . 3 Best Kill Streak 5 | . 5 . 4 Combat Bots Only 5 | . 5 . 4 Max Kills in Single Turn 2 | . 1 . 2 Gunslinging . | . . . . Exploded 2 | . . . 2 Melee . | . . . . Uniques/NPCs Destroyed . | . . . . Combat | -11 -10 -10 -9 -------- Run | Scr Mat Min Mat Damage Taken 1720 | . 343 . 1377 Core 466 | . 47 . 419 Absorbed by Shields . | . . . . Core Remaining (%) 90 | 100 . 81 . Volleys Fired 113 | . 29 . 84 Largest 2 | . 2 . 2 Hottest 120 | . 40 . 120 Shots Fired 138 | . 44 . 94 Gun 110 | . 44 . 66 Cannon . | . . . . Launcher 17 | . . . 17 Special 11 | . . . 11 Kinetic 106 | . 44 . 62 Thermal 11 | . . . 11 Explosive 8 | . . . 8 Electromagnetic 13 | . . . 13 Robot Hit Streak 9 | . 9 . 5 Robot Miss Streak 7 | . 2 . 7 Penetration Max . | . . . . Secondary Targets . | . . . . Shots Hit Robots 72 | . 32 . 40 Core Hits 41 | . 10 . 31 Critical Hits 1 | . . . 1 Critical Kills 1 | . . . 1 Critical Parts Destroyed . | . . . . Melee Attacks . | . . . . Impact . | . . . . Slashing . | . . . . Piercing . | . . . . Sneak Attacks . | . . . . Combat Hostiles . | . . . . Follow-up Attacks . | . . . . Damage Inflicted 1300 | . 271 . 1029 Guns 660 | . 271 . 389 Cannons . | . . . . Explosions 616 | . . . 616 Melee . | . . . . Ramming . | . . . . Kinetic 643 | . 271 . 372 Thermal 46 | . . . 46 Explosive 414 | . . . 414 Electromagnetic 197 | . . . 197 Impact . | . . . . Slashing . | . . . . Piercing . | . . . . Highest Corruption . | . . . . Average Corruption . | . . . . Corruption Purged . | . . . . Overload Shots . | . . . . Overflow Damage 39 | . . . 39 Projectiles . | . . . . Explosions 39 | . . . 39 Melee . | . . . . Knockbacks . | . . . . Impact . | . . . . Kinetic . | . . . . Secondary . | . . . . Self-Inflicted Damage 28 | . . . 28 Shots 2 | . . . 2 Rammed . | . . . . Targets Rammed . | . . . . Kicked . | . . . . Crushed . | . . . . Highest Temperature 75 | . 12 . 75 Average Temperature 19 | . 3 . 22 Received Heat Transfer 384 | . 108 . 276 Siege Activations . | . . . . Robots Corrupted . | . . . . Combat Hostiles . | . . . . Parts Fried . | . . . . Impact Corruptions . | . . . . Robots Melted . | . . . . Combat Hostiles . | . . . . Parts Melted . | . . . . Heat Transferred 100 | . . . 100 Parts Sabotaged . | . . . . Parts Stolen . | . . . . Parts Stripped . | . . . . Power Chain Reactions 1 | . . . 1 Missiles Intercepted . | . . . . Alert | -11 -10 -10 -9 ------- Run | Scr Mat Min Mat Peak Influence 303 | . 115 44 303 Average Influence 149 | . 74 44 185 Maximum Alert Level 1 | . . . 1 Low Security (%) 59 | 100 100 100 42 Level 1 40 | . . . 57 Level 2 . | . . . . Level 3 . | . . . . Level 4 . | . . . . Level 5 . | . . . . High Security . | . . . . Max Security . | . . . . Squads Dispatched 8 | . 2 . 6 Investigation 3 | . . . 3 Extermination . | . . . . Reinforcement 5 | . 2 . 3 Assault . | . . . . Garrison . | . . . . Intercept . | . . . . Construction Impeded 1 | . . . 1 Haulers Reinforced . | . . . . Stealth | -11 -10 -10 -9 --------- Run | Scr Mat Min Mat Distress Signals 2 | . 1 . 1 Communications Jammed . | . . . . Distress Signals . | . . . . Times Spotted 44 | . 8 . 36 Peak Tracking Total 6 | . 5 . 6 Tactical Retreats 1 | . . . 1 Traps | -11 -10 -10 -9 ------- Run | Scr Mat Min Mat Traps Triggered 4 | . . . 4 Indirectly 1 | . . . 1 Trap Hack Attempts . | . . . . Triggered . | . . . . Disarmed . | . . . . Reprogrammed . | . . . . Reused . | . . . . Traps Extracted . | . . . . Installed . | . . . . Triggered . | . . . . Machines | -11 -10 -10 -9 ---------- Run | Scr Mat Min Mat Machines Disabled . | . . . . Max in Single Turn . | . . . . Machines Sabotaged . | . . . . Garrisons Compromised . | . . . . Overloaded Fab Kills . | . . . . Fab Network Shutdowns . | . . . . Hacking | -11 -10 -10 -9 --------- Run | Scr Mat Min Mat Machines Accessed 3 | . 2 . 1 Terminals 2 | . 1 . 1 Fabricators . | . . . . Repair Stations 1 | . 1 . . Recycling Units . | . . . . Scanalyzers . | . . . . Garrison Access . | . . . . Total Hacks 4 | . 3 . 1 Successful 1 | . 1 . . Failed 3 | . 2 . 1 Catastrophic 1 | . . . 1 Database Lockouts . | . . . . Manual 3 | . 2 . 1 Terminals 3 | . 2 . 1 Fabricators . | . . . . Repair Stations 1 | . 1 . . Recycling Units . | . . . . Scanalyzers . | . . . . Garrison Access . | . . . . Terminal Hacks 1 | . 1 . . Zone Layout 1 | . 1 . . Fabricator Hacks . | . . . . Repair Station Hacks . | . . . . Recycling Unit Hacks . | . . . . Scanalyzer . | . . . . Garrison Access Hacks . | . . . . Unauthorized Hacks . | . . . . Terminals . | . . . . Fabricators . | . . . . Repair Stations . | . . . . Recycling Units . | . . . . Scanalyzers . | . . . . Garrison Access . | . . . . Data Cores Recovered . | . . . . Used . | . . . . Hacking Detections 2 | . 1 . 1 Full Trace Events . | . . . . Feedback Events . | . . . . Feedback Blocked . | . . . . Robot Schematics Acquired . | . . . . Robots Built . | . . . . Matter . | . . . . Time . | . . . . Total Robot Build Rating . | . . . . Part Schematics Acquired . | . . . . Parts Built . | . . . . Matter . | . . . . Time . | . . . . Total Part Build Rating . | . . . . Parts Repaired . | . . . . Time . | . . . . Parts Recycled . | . . . . Recycled Matter . | . . . . Retrieved Matter . | . . . . Retrieved Components . | . . . . Parts Scanalyzed . | . . . . Part Schematics Acquired . | . . . . Parts Damaged . | . . . . Bothacking | -11 -10 -10 -9 ------------ Run | Scr Mat Min Mat Used RIF Installer . | . . . . Robots Hacked . | . . . . Non-combat . | . . . . Combat . | . . . . Robot Hacks Applied . | . . . . Relay Couplers Released . | . . . . Robots Rewired . | . . . . Allies Hacked . | . . . . Hacks Repelled . | . . . . Allies | -11 -10 -10 -9 -------- Run | Scr Mat Min Mat Total Allies . | . . . . Largest Group . | . . . . Highest-Rated Group . | . . . . Highest-Rated Ally . | . . . . Total Orders . | . . . . Ally Attacks . | . . . . Total Damage . | . . . . Kills . | . . . . Allies Corrupted . | . . . . Allies Melted . | . . . . Intel | -11 -10 -10 -9 ------- Run | Scr Mat Min Mat Robot Analysis Total . | . . . . Derelict Logs Recovered . | . . . . Drone Launches . | . . . . Drone Recoveries . | . . . . Exploration | -11 -10 -10 -9 ------------- Run | Scr Mat Min Mat Turns Passed 1179 | 45 263 29 842 Spaces Moved 561 | 38 235 30 258 Core 157 | 1 11 . 145 Treads . | . . . . Legs . | . . . . Wheels 387 | 37 224 30 96 Hover . | . . . . Flight 17 | . . . 17 Fastest Speed 50 | 50 80 80 80 Average Speed 143 | 79 80 80 216 Slowest Speed 400 | 80 100 80 400 Overloaded Moves . | . . . . Propulsion Burnouts . | . . . . Robots Hopped . | . . . . Cave-ins Triggered 1 | . . . 1 Exploration Rate (%) 24 | 4 42 13 37 Regions Visited 3 Branch Regions 1 Pre-discovered Areas . | . . . . Known Exits Taken . | . . . . Unknown Exits Taken 3 | 1 1 1 . Scrap Searched . | . . . . Spaces Dug 5 | . . . 5 Terrain Destroyed 95 | . . . 95 Melee . | . . . . Projectile 8 | . . . 8 AOE 87 | . . . 87 Actions | -11 -10 -10 -9 --------- Run | Scr Mat Min Mat Total 785 | 52 269 34 430 Wait 41 | . . 5 36 Move 558 | 37 234 29 258 Hop . | . . . . Pick Up 27 | 7 4 . 16 Fast Attach 7 | . . . 7 Attach 22 | 6 2 . 14 Detach 4 | 1 . . 3 Swap 6 | 1 . . 5 Drop 7 | . . . 7 Fire 113 | . 29 . 84 Melee . | . . . . Ram . | . . . . Kick . | . . . . Crush . | . . . . Escape Stasis . | . . . . Rewire . | . . . . Trap . | . . . . Miscellaneous . | . . . . Route ------- -11/Scrapyard -10/Materials (discovered 2 exits: *Mat / [*Min]) -10/Mines -9/Materials History --------- Turn | Location | Event 31 | -11/Scrapyard | Discovered new exit (range 15) 46 | -11/Scrapyard | Entered Materials 174 | -10/Materials | Lost 4 parts (1p1n2w) 187 | -10/Materials | Discovered new exit (range 4) 203 | -10/Materials | Discovered new exit (range 15) 309 | -10/Materials | Entered Mines 312 | -10/Mines | Build established: Mutant 323 | -10/Mines | Discovered new exit (range 12) 338 | -10/Mines | Entered Materials 338 | -9/Materials | Evolved 2 slots: Utility x2 486 | -9/Materials | Crushed by falling debris 559 | -9/Materials | Lost 5 parts (2p1n2w) 570 | -9/Materials | Core integrity fell below 50% 685 | -9/Materials | Lost 5 parts (1p2n2w) 799 | -9/Materials | Core integrity fell below 20% 1180 | -9/Materials | Destroyed self with Improved Grenade Launcher Last Messages --------------- G-34 Mercenary destroyed. Chain reaction triggered in Ion Engine. ALERT: Construction progress impeded, dispatching reinforcements to local area. G-47 Trooper destroyed. U-05 Engineer lays Concrete. EMP Blaster destroyed. U-05 Engineer lays Concrete. R-06 Scavenger collects Aluminum Leg. U-05 Engineer lays Concrete. R-06 Scavenger collects Aluminum Leg. U-05 Engineer lays Concrete. Acquired Aluminum Leg. R-06 Scavenger collects Particle Gun. U-05 Engineer lays Concrete. K-01 Serf collects debris. Imp. Signal Interpreter destroyed. G-34 Mercenary destroyed. Destroyed Wheel. Destroyed Welding Torch. Map ----- +----------------------------------------------------+ | ????????????????????????????????????? | | ????????????????????????????????????? | | ????????????????????????????????????? | | #########???????????????????????????? | | # ! [#????????????????########???? | | # " *#????????????????#]]!!!!#???? | | # """ ##################] ! ! #???? | | # "" # # # # ## # ## | | # """ # ############ | | # "" + ## | | # [""" # | | # """ # ## | | # """ ## ################+## # | | # " ## ########### ??# ## | | # ## #?????????# """ # | | ########## #??######## """ ! | | ?????????# #?"T" ## """ | | ?????????# #? ## ? | | ?????????# #? | ## ???# # | | ?????????# # ??#"T???# ### | | ????????## # ????##???# #?? | | ????????# # """"??????????# #?? | | ??####### """"" ????????# #?? | | # "" [ """"" #???????# #?? | | ? ""S r #???????# #?? | | # "" %@ ####+############ #?? | | # =%[= ### | | # =%% | | # """ # u ### | | # """ # g%= ###########+#### | | ??""" # = !k #??????# =% | | ?? # #??????# * """ | | ??########## !! "#?????# """ | | ???????????#g !!! T#?????# R" | | ???????????? !!! "#?????# """ | | ??????Y???o? g ##?????# | | ???????????? #??????# % = | | ????????????#### #??????# % | | ????????????????####????????# | | ????????????????????????????###+##### | | ?????????????????????????????# | | ?????????????????????????????# """ | | ????????????????????????????## "Y" | | ????????????????????????????## % | | ????????????????????????? =# % ! | | ????????????????????? #+##+### | | ??????????????????# ?# | | ??????????????????## ?/ = | | ???????????????????# !!!??# | | ???????????????????# !!!??######## | +----------------------------------------------------+ Best States ------------- Heat Dissipation 28 Energy Generation 12 Energy Capacity 265 Matter Stores 300 Matter Capacity 300 Sight Range 16 Robot Scan Range 16 Terrain Scan Density 10 Evasion (%) 44 Item Schematics ----------------- None Robot Schematics ------------------ None Fabricated ------------ Nothing Alien Tech Used ----------------- None Achievements -------------- I Spy Challenges ------------ None Game ------ Seed PotentialSmartbombFilter Manual? 0 Play Time 00:21:51 Cumulative 7.2 hours Start 2020.05.01 @ 03:26:04 End 2020.05.01 @ 03:51:39 Sessions 1 Manual Loads 0 Difficulty Rogue Special Mode None Game No. 9 Rogue 9 Adventurer 0 Explorer 0 Win Type - Total 0 Types 0/0/0/0/0/0/0 Lore% 13 Gallery% 13 Achievement% 10 Wizard Run 0 Options --------- ASCII 1 Keyboard 0 Movement Mouse Keybinds 0 Fullscreen 1 Font 14/Smallcaps Map View 72x54 Tactical HUD 0 Map Filters NONE Filters NONE Steam 1 RUN: 325d2cd4-1841-47b2-85cc-aade8f9159dc